PL
PHOENIX HOTSPUR @ BROOKLYN DODGERS
08/07/2031
 
TOP OF THE 1ST
Phoenix Hotspur batting - Pitching for Brooklyn Dodgers : RHP Eddie Kop
Pitching: RHP Eddie Kop
Batting: RHB Kyle Bywaters 0-0: Fly out, F8 (Flyball, 8LM)
Batting: RHB Roland Deschain 0-0: Called Strike
0-1: SINGLE (Groundball, 5L) (infield hit)
Batting: LHB Francisco García 0-0: Ball
Roland Deschain is caught stealing 2nd base
1-0: Foul Ball, location: 2F
1-1: Ground out 4-3 (Groundball, 4)
Top of the 1st over - 0 runs, 1 hit, 0 errors, 0 left on base; Phoenix 0 - Brooklyn 0
BOTTOM OF THE 1ST
Brooklyn Dodgers batting - Pitching for Phoenix Hotspur : RHP Juan Guillén
Pitching: RHP Juan Guillén
Batting: LHB Jérôme Masson 0-0: Ball
1-0: Bunt for hit - play at first, batter OUT! 2-3
Batting: LHB Mysterious Walker 0-0: Called Strike
0-1: Ball
1-1: Ball
2-1: Foul Ball, location: 2F
2-2: Foul Ball, location: 2F
2-2: Strikes out swinging
Batting: LHB Manuel Carmona 0-0: Ball
1-0: Fly out, F8 (Flyball, 8LM)
Bottom of the 1st over - 0 runs, 0 hits, 0 errors, 0 left on base; Phoenix 0 - Brooklyn 0
TOP OF THE 2ND
Phoenix Hotspur batting - Pitching for Brooklyn Dodgers : RHP Eddie Kop
Batting: LHB Tadayoshi Watanabe 0-0: Swinging Strike
0-1: Ball
1-1: Ground out 2-3 (Groundball, 2L)
Batting: RHB Randy Rehling 0-0: Called Strike
0-1: Ball
1-1: Ground out 3-1 (Groundball, 34)
Batting: LHB Harumi Takaki 0-0: Ball
1-0: Called Strike
1-1: Called Strike
1-2: Ball
2-2: Strikes out swinging
Top of the 2nd over - 0 runs, 0 hits, 0 errors, 0 left on base; Phoenix 0 - Brooklyn 0
BOTTOM OF THE 2ND
Brooklyn Dodgers batting - Pitching for Phoenix Hotspur : RHP Juan Guillén
Batting: LHB Avon Barksdale 0-0: Ball
1-0: SINGLE (Line Drive, 9S)
Batting: LHB Yannick Hendriksen 0-0: Foul Ball, location: 2F
0-1: Fly out, F4 (Line Drive, 4)
Batting: LHB Ki-tak Im 0-0: Called Strike
0-1: Ball
1-1: Called Strike
1-2: Ball
2-2: Fielders Choice at 2nd, 1-4 (Groundball, 15)
Batting: SHB Juan Rivas 0-0: Called Strike
0-1: Ball
1-1: SINGLE (Line Drive, 6MD)
Ki-tak Im to second
Batting: LHB Munemori Ohara 0-0: Called Strike
0-1: Ball
1-1: Ball
2-1: Foul Ball, location: 2F
2-2: Ball
3-2: Foul Ball, location: 2F
3-2: Base on Balls
Ki-tak Im to third
Juan Rivas to second
Batting: RHB Ethan Miller 0-0: Called Strike
0-1: Ball
1-1: Ball
2-1: Fly out, F8 (Flyball, 8LM)
Bottom of the 2nd over - 0 runs, 2 hits, 0 errors, 3 left on base; Phoenix 0 - Brooklyn 0
TOP OF THE 3RD
Phoenix Hotspur batting - Pitching for Brooklyn Dodgers : RHP Eddie Kop
Batting: RHB Alfredo Pizarro 0-0: Foul Ball, location: 2F
0-1: Called Strike
0-2: SINGLE (Line Drive, 56)
Batting: LHB Wagaw Lukongolo 0-0: Foul Ball, location: 2F
0-1: Fielders Choice at 2nd, 6-4 (Groundball, 6)
Pitching: RHP Brian Morris
Batting: RHB Julián De Paz 0-0: Called Strike
0-1: Ball
1-1: Swinging Strike
1-2: Strikes out swinging
Batting: RHB Kyle Bywaters 0-0: Ball
1-0: Foul Ball, location: 2F
1-1: SINGLE (Line Drive, 9S)
Wagaw Lukongolo to second
Batting: RHB Roland Deschain 0-0: Swinging Strike
0-1: Ball
1-1: Swinging Strike
1-2: Foul Ball, location: 2F
1-2: Ball
2-2: SINGLE (Groundball, 4MD)
Wagaw Lukongolo to third
Kyle Bywaters to second
Runner from 3rd tries for Home, SAFE, throw made home
Batting: LHB Francisco García 0-0: Called Strike
0-1: Ball
1-1: Foul Ball, location: 2F
1-2: Ball
2-2: Ball
3-2: Foul Ball, location: 2F
3-2: Foul Ball, location: 2F
3-2: Foul Ball, location: 2F
3-2: Strikes out swinging
Top of the 3rd over - 1 run, 3 hits, 0 errors, 2 left on base; Phoenix 1 - Brooklyn 0
BOTTOM OF THE 3RD
Brooklyn Dodgers batting - Pitching for Phoenix Hotspur : RHP Juan Guillén
Batting: LHB Jérôme Masson 0-0: Ball
1-0: Ball
2-0: Fly out, F4 (Line Drive, 4)
Batting: LHB Mysterious Walker 0-0: Ground out 5-3 (Groundball, 25)
Batting: LHB Manuel Carmona 0-0: Foul Ball, location: 2F
0-1: Called Strike
0-2: Ball
1-2: Ball
2-2: Strikes out looking
Bottom of the 3rd over - 0 runs, 0 hits, 0 errors, 0 left on base; Phoenix 1 - Brooklyn 0
TOP OF THE 4TH
Phoenix Hotspur batting - Pitching for Brooklyn Dodgers : RHP Brian Morris
Batting: LHB Tadayoshi Watanabe 0-0: DOUBLE (Flyball, 8RXD)
Batting: RHB Randy Rehling 0-0: Ball
1-0: Ball
2-0: Called Strike
2-1: Ball
3-1: Base on Balls
Batting: LHB Harumi Takaki 0-0: Ball
1-0: Ball
2-0: Called Strike
2-1: Foul Ball, location: 2F
2-2: Foul Ball, location: 2F
2-2: Fly out, F8 (Flyball, 8RD)
Batting: RHB Alfredo Pizarro 0-0: Ball
1-0: Swinging Strike
1-1: Called Strike
1-2: Strikes out swinging
Batting: LHB Wagaw Lukongolo 0-0: Foul Ball, location: 2F
0-1: Ball
1-1: Called Strike
1-2: Strikes out swinging
Top of the 4th over - 0 runs, 1 hit, 0 errors, 2 left on base; Phoenix 1 - Brooklyn 0
BOTTOM OF THE 4TH
Brooklyn Dodgers batting - Pitching for Phoenix Hotspur : RHP Juan Guillén
Batting: LHB Avon Barksdale 0-0: Ball
1-0: Ball
2-0: Called Strike
2-1: Called Strike
2-2: Foul Ball, location: 2F
2-2: Strikes out swinging
Batting: LHB Yannick Hendriksen 0-0: Called Strike
0-1: Foul Ball, location: 2F
0-2: DOUBLE (Groundball, 3L)
Batting: LHB Ki-tak Im 0-0: Foul Ball, location: 2F
0-1: Ball
1-1: SINGLE (Flyball, 9S)
Yannick Hendriksen to third
Batting: SHB Juan Rivas 0-0: Called Strike
0-1: Called Strike
0-2: Ball
1-2: Fielders Choice at 2nd, 5-4 (Groundball, 5L)
Yannick Hendriksen scores
Batting: LHB Munemori Ohara 0-0: Ball
1-0: Called Strike
1-1: Ball
2-1: Called Strike
2-2: Fly out, F7 (Flyball, 78S)
Bottom of the 4th over - 1 run, 2 hits, 0 errors, 1 left on base; Phoenix 1 - Brooklyn 1
TOP OF THE 5TH
Phoenix Hotspur batting - Pitching for Brooklyn Dodgers : RHP Brian Morris
Batting: RHB Julián De Paz 0-0: Ball
1-0: Ball
2-0: Foul Ball, location: 2F
2-1: Ball
3-1: Foul Ball, location: 2F
3-2: Ground out 6-3 (Groundball, 6)
Batting: RHB Kyle Bywaters 0-0: Ball
1-0: Ground out 5-3 (Groundball, 56)
Batting: RHB Roland Deschain 0-0: Ball
1-0: Ground out 5-3 (Groundball, 25)
Top of the 5th over - 0 runs, 0 hits, 0 errors, 0 left on base; Phoenix 1 - Brooklyn 1
BOTTOM OF THE 5TH
Brooklyn Dodgers batting - Pitching for Phoenix Hotspur : RHP Juan Guillén
Batting: RHB Ethan Miller 0-0: Ground out 6-3 (Groundball, 6M)
Batting: LHB Jérôme Masson 0-0: Ball
1-0: Ball
2-0: Fly out, F7 (Flyball, 78M)
Batting: LHB Mysterious Walker 0-0: Ball
1-0: Foul Ball, location: 2F
1-1: Called Strike
1-2: Ball
2-2: Strikes out swinging
Bottom of the 5th over - 0 runs, 0 hits, 0 errors, 0 left on base; Phoenix 1 - Brooklyn 1
TOP OF THE 6TH
Phoenix Hotspur batting - Pitching for Brooklyn Dodgers : RHP Brian Morris
Batting: LHB Francisco García 0-0: Called Strike
0-1: Foul Ball, location: 2F
0-2: Strikes out swinging
Batting: LHB Tadayoshi Watanabe 0-0: Fly out, F8 (Flyball, 89M)
Batting: RHB Randy Rehling 0-0: Fly out, F4 (Popup, 4S)
Top of the 6th over - 0 runs, 0 hits, 0 errors, 0 left on base; Phoenix 1 - Brooklyn 1
BOTTOM OF THE 6TH
Brooklyn Dodgers batting - Pitching for Phoenix Hotspur : RHP Juan Guillén
Batting: LHB Manuel Carmona 0-0: Ball
1-0: Ball
2-0: Ball
3-0: Called Strike
3-1: Ground out 4-3 (Groundball, 34)
Batting: LHB Avon Barksdale 0-0: Ball
1-0: Called Strike
1-1: SINGLE (Line Drive, 4D)
Batting: LHB Yannick Hendriksen 0-0: Ball
1-0: Ball
2-0: Grounds into double play, 4-6-3 (Groundball, 34)
Bottom of the 6th over - 0 runs, 1 hit, 0 errors, 0 left on base; Phoenix 1 - Brooklyn 1
TOP OF THE 7TH
Phoenix Hotspur batting - Pitching for Brooklyn Dodgers : RHP Brian Morris
Batting: LHB Harumi Takaki 0-0: Called Strike
0-1: Foul Ball, location: 2F
0-2: Ground out 4-3 (Groundball, 4)
Batting: RHB Alfredo Pizarro 0-0: Ball
1-0: Ball
2-0: Called Strike
2-1: Ground out 6-3 (Groundball, 6)
Batting: LHB Wagaw Lukongolo 0-0: Ground out 1-3 (Groundball, 15S)
Top of the 7th over - 0 runs, 0 hits, 0 errors, 0 left on base; Phoenix 1 - Brooklyn 1
BOTTOM OF THE 7TH
Brooklyn Dodgers batting - Pitching for Phoenix Hotspur : RHP Juan Guillén
Batting: LHB Ki-tak Im 0-0: Foul Ball, location: 2F
0-1: Ball
1-1: Ball
2-1: Called Strike
2-2: Ball
3-2: Ground out 4-3 (Groundball, 4)
Batting: SHB Juan Rivas 0-0: Swinging Strike
0-1: Called Strike
0-2: Strikes out swinging
Batting: LHB Munemori Ohara 0-0: Ground out 6-3 (Groundball, 6)
Bottom of the 7th over - 0 runs, 0 hits, 0 errors, 0 left on base; Phoenix 1 - Brooklyn 1
TOP OF THE 8TH
Phoenix Hotspur batting - Pitching for Brooklyn Dodgers : RHP Brian Morris
Batting: RHB Julián De Paz 0-0: DOUBLE (Line Drive, 78M)
Batting: RHB Kyle Bywaters 0-0: Ball
1-0: Swinging Strike
1-1: Ball
2-1: Foul Ball, location: 2F
2-2: Foul Ball, location: 2F
2-2: Ball
3-2: Strikes out swinging
Batting: RHB Roland Deschain 0-0: Ball
1-0: TRIPLE (Line Drive, 8LXD)
Julián De Paz scores
Pitching: LHP Brandeis Vogt
Batting: LHB Francisco García 0-0: Ball
1-0: Called Strike
1-1: SINGLE (Line Drive, 6MD)
Roland Deschain scores
Batting: LHB Tadayoshi Watanabe 0-0: Ball
1-0: Ball
2-0: Ball
3-0: Called Strike
3-1: Called Strike
3-2: Strikes out swinging
Francisco García is caught stealing 2nd base
Batter strikes out.
Top of the 8th over - 2 runs, 3 hits, 0 errors, 0 left on base; Phoenix 3 - Brooklyn 1
BOTTOM OF THE 8TH
Brooklyn Dodgers batting - Pitching for Phoenix Hotspur : RHP Juan Guillén
Batting: RHB Ethan Miller 0-0: Ball
1-0: Ground out 6-3 (Groundball, 56)
Batting: LHB Jérôme Masson 0-0: SINGLE (Groundball, 6D)
Batting: LHB Mysterious Walker 0-0: Ball
1-0: Ball
2-0: Foul Ball, location: 2F
2-1: Foul Ball, location: 2F
2-2: Strikes out swinging
Batting: LHB Manuel Carmona 0-0: Ball
1-0: Ball
2-0: Fly out, F7 (Flyball, 78S)
Bottom of the 8th over - 0 runs, 1 hit, 0 errors, 1 left on base; Phoenix 3 - Brooklyn 1
TOP OF THE 9TH
Phoenix Hotspur batting - Pitching for Brooklyn Dodgers : LHP Brandeis Vogt
Pitching: LHP Sjaak Bonne
Batting: RHB Randy Rehling 0-0: Foul Ball, location: 2F
0-1: Called Strike
0-2: Ball
1-2: Ball
2-2: Foul Ball, location: 2F
2-2: Ball
3-2: Fly out, F9 (Flyball, 9LDF)
Batting: LHB Harumi Takaki 0-0: Swinging Strike
0-1: Foul Ball, location: 2F
0-2: Ball
1-2: Foul Ball, location: 2F
1-2: Strikes out swinging
Batting: RHB Alfredo Pizarro 0-0: Called Strike
0-1: Ball
1-1: Ball
2-1: Swinging Strike
2-2: Fly out, F7 (Line Drive, 7)
Top of the 9th over - 0 runs, 0 hits, 0 errors, 0 left on base; Phoenix 3 - Brooklyn 1
BOTTOM OF THE 9TH
Brooklyn Dodgers batting - Pitching for Phoenix Hotspur : RHP Juan Guillén
Batting: LHB Avon Barksdale 0-0: Ball
1-0: Ball
2-0: Foul Ball, location: 2F
2-1: SINGLE (Groundball, 34D)
Pitching: RHP Santiago Alonza
Pinch Runner at 1st Félix Medina:
Batting: LHB Yannick Hendriksen 0-0: Foul Ball, location: 2F
0-1: Fly out, F7 (Flyball, 78M)
Batting: LHB Ki-tak Im 0-0: Ball
1-0: Swinging Strike
1-1: Ball
2-1: SINGLE (Groundball, 34S) (infield hit)
Félix Medina to second
Batting: SHB Juan Rivas 0-0: Swinging Strike
0-1: Called Strike
0-2: Ball
1-2: Ball
2-2: Foul Ball, location: 2F
2-2: Strikes out looking
Batting: LHB Munemori Ohara 0-0: Ball
1-0: Called Strike
1-1: Fielders Choice at 2nd, 6-4 (Groundball, 6)
Bottom of the 9th over - 0 runs, 2 hits, 0 errors, 2 left on base; Phoenix 3 - Brooklyn 1
Tuesday, June 12th, 2018 - OOTP Baseball 18.8 Build 76